 Dungeon Crawl Stone Soup version 0.24-a0-537-g2d01d4ab0a (webtiles) character file.

Game seed: 12406878343214771460

18179 Mithandil the Blocker (level 12, -26/104 HPs)
             Began as a Minotaur Fighter on Aug 13, 2019.
             Was a High Priest of the Shining One.
             Annihilated by a titanic slime creature (45 damage)
             ... on level 1 of the Swamp.
             The game lasted 01:17:45 (14395 turns).

Mithandil the Blocker (Minotaur Fighter)           Turns: 14395, Time: 01:17:47

Health: -26/104    AC: 22    Str: 24    XL:     12   Next: 25%
Magic:  12/12      EV: 18    Int:  5    God:    the Shining One [*****.]
Gold:   705        SH:  0    Dex: 12    Spells: 13/13 levels left

rFire    . . .     SeeInvis .   a - +1 spear (venom)
rCold    . . .     Gourm    .   c - +0 shield
rNeg     + + .     Faith    .   E - +3 plate armour
rPois    .         Spirit   .   (helmet restricted)
rElec    +         Reflect  .   A - +0 cloak
rCorr    .         Harm     .   s - +0 pair of gloves
MR       .....                  N - +1 pair of boots
Stlth    ..........             u - amulet of the Air {Inacc +Fly rElec EV+5 RMsl}
HPRegen  0.27/turn              L - +3 ring of evasion
MPRegen  0.13/turn              (no ring)

@: confused, lethally poisoned (-26 -> -80), slowed, glowing, repel missiles,
very slow
A: retaliatory headbutt, horns 2
a: Divine Shield, Cleansing Flame, Summon Divine Warrior, Renounce Religion,
Evoke Flight


You were on level 1 of the Swamp.
You worshipped the Shining One.
The Shining One was extremely pleased with you.
You were hungry.

You visited 4 branches of the dungeon, and saw 16 of its levels.
You also visited: Sewer.

You collected 892 gold pieces.
You spent 187 gold pieces at shops.

Inventory:

Hand Weapons
 a - a +1 spear of venom (weapon)
 b - a +0 hand crossbow
 k - a +0 war axe
 l - a +0 falchion
 o - a +0 hunting sling
 B - a +2 dagger of venom
 G - a +2 whip of venom
 O - a +1 trident of freezing
 P - a +0 short sword of electrocution
Missiles
 e - 13 boomerangs
 h - 335 stones
 n - 135 bolts
 r - 3 poisoned darts (quivered)
 y - 93 sling bullets
 H - 3 atropa-tipped darts
Armour
 c - a +0 shield (worn)
 s - a +0 pair of gloves (worn)
 A - a +0 cloak (worn)
 E - a +3 plate armour (worn)
 N - a +1 pair of boots (worn)
 Q - a +0 large shield
 S - a +0 ring mail of cold resistance
Magical Staves
 w - an uncursed staff of energy
 x - an uncursed staff of summoning
Jewellery
 q - an uncursed amulet of regeneration
 u - the amulet of the Air (around neck) {Inacc +Fly rElec EV+5 RMsl}
   (You found it on level 4 of the Dungeon)

   [amulet of inaccuracy]

   It reduces the accuracy of all your attacks.
   It affects your evasion (+5).
   It insulates you from electricity.
   It lets you fly.
   It protects you from missiles.
 K - a +6 amulet of reflection
 L - a +3 ring of evasion (left hand)
Wands
 m - a wand of polymorph (8)
 D - a wand of acid (9)
 R - a wand of disintegration (27)
 U - a wand of paralysis (2)
Scrolls
 g - 3 scrolls of amnesia
 i - 9 scrolls of remove curse
 p - 6 scrolls of teleportation
 v - 4 scrolls of fog
 z - 3 scrolls of identify
 C - 4 scrolls of blinking
 F - a scroll of fear
 I - 2 scrolls of magic mapping
Potions
 d - 3 potions of might
 j - 2 potions of heal wounds
 t - a potion of ambrosia
 M - a potion of magic
 T - a potion of curing
 V - a potion of flight
Comestibles
 f - 31 rations


   Skills:
 + Level 9.0 Fighting
 - Level 3.4 Short Blades
 - Level 3.7(7.6) Axes
 * Level 10.3(10.6) Polearms
 - Level 1.0 Slings
 - Level 10.0 Crossbows
 + Level 9.1 Armour
 + Level 7.4 Dodging
 * Level 11.8 Shields
 - Level 1.0 Spellcasting


You had 13 spell levels left.
You didn't know any spells.
Your spell library contained the following spells:

 Spells                   Type           Power        Failure   Level  Hunger
 Infusion                 Chrm           #...         100%        1    ##.....
 Poisonous Vapours        Pois/Air       #.....       100%        2    ###....
 Shroud of Golubria       Chrm/Tloc      #.....       100%        2    ###....
 Song of Slaying          Chrm           #.......     100%        2    ###....
 Conjure Flame            Conj/Fire      #.......     100%        3    ####...
 Mephitic Cloud           Conj/Pois/Air  #.......     100%        3    ####...
 Regeneration             Chrm/Necr      #.........   100%        3    ####...
 Spectral Weapon          Hex/Chrm       #.......     100%        3    ####...
 Cause Fear               Hex            #.........   100%        4    #####..
 Silence                  Hex/Air        #.........   100%        5    ######.
 Yara's Violent Unravell  Hex/Tmut       #.........   100%        5    ######.
 Deflect Missiles         Chrm/Air       #.........   100%        6    #######
 Freezing Cloud           Conj/Ice/Air   #.........   100%        6    #######
 Ring of Flames           Chrm/Fire      #.........   100%        7    #######
 Discord                  Hex            #.........   100%        8    #######


Dungeon Overview and Level Annotations

Branches:
Dungeon (11/15)            Temple (1/1) D:4            Lair (3/6) D:10
  Swamp (1/4) Lair:2
  Snake: Lair:2-4    Spider: Lair:2-4       Orc: D:9-12

Altars:
Ashenzari
Cheibriados
Dithmenos
Elyvilon
Fedhas
Gozag
Hepliaklqana
Kikubaaqudgha
Makhleb
Nemelex Xobeh
Okawaru
Qazlal
Ru
Sif Muna
Trog
Uskayaw
Vehumet
Wu Jian
Xom
Yredelemnul
Zin
The Shining One
Beogh

Shops:
D:8 [

Annotations:
D:3 3 runed translucent doors, hemabe's ghost, amateur HuAr
D:9 3 runed translucent doors, hemabe's ghost, novice HuAr
Swamp:1 Frances


Innate Abilities, Weirdness & Mutations

You reflexively headbutt those who attack you in melee.
You have a pair of horns on your head.


Message History

You feel very sick.
The bog body points at you and mumbles some strange words.
You feel yourself slow down.
The swamp drake breathes noxious fumes at you.
The noxious blast engulfs the bog body but does no damage.
You hit the bog body.
The bog body is heavily damaged.
You are engulfed in noxious fumes.
You choke on the stench!
You are confused.
* * * LOW HITPOINT WARNING * * *
x2 You feel very sick.
The bog body misses you.
The bog body touches you but does no damage.
You miss the bog body.
The bog body is heavily damaged.
You are engulfed in noxious fumes.
* * * LOW HITPOINT WARNING * * *
x2 You feel very sick.
The titanic slime creature hits you!!!
You die...

♣♣♣≈.♣ ♣...≈ ♣..♣≈≈≈..♣ .♣♣..♣♣
♣§♣.♣ ♣.≈§§.≈..♣ .≈≈≈..♣ ♣.≈.♣
♣....≈≈.♣ .≈≈≈.♣♣ ♣≈≈.♣
♣♣≈≈≈.≈≈§♣
♣..≈.^♣♣♣≈..♣♣♣.@♣.≈.≈.♣
♣♣÷≈≈≈♣♣≈≈♣.♣♣.♣...≈≈≈.♣♣
♣...≈♣♣≈♣.<♣♣♣..k°≈≈≈≈≈♣♣
♣..≈.♣♣.....♣..°J°≈≈≈≈..♣♣♣♣♣..≈
♣♣[≈≈≈♣......≈≈@n♣.≈≈.......(.≈≈
♣..≈...≈≈.≈≈≈≈°°♣♣≈≈≈.≈≈≈≈.♣..≈
♣♣.≈§....≈≈≈.≈.♣♣♣♣...≈≈≈..≈≈≈≈
♣(.≈≈.≈......♣♣ ♣.♣≈≈...≈≈≈.!
♣.....≈≈♣♣♣♣.♣ ♣..≈≈.≈≈≈♣..≈
♣♣.≈≈≈≈..♣..♣♣ ♣♣§≈≈......≈≈
♣≈≈♣≈≈≈...♣♣ ♣≈≈≈........
♣≈≈≈≈≈≈.♣♣♣ ♣≈≈≈....≈≈♣.
♣♣≈≈≈≈≈.♣ .≈≈≈≈....≈


You could see Frances, a titanic slime creature, a bog body and a swamp drake.

Vanquished Creatures
  Snorg (D:10)
  A ghost crab (Swamp:1)
  2 swamp dragons (Swamp:1)
  A centaur zombie (D:10)
  Psyche (D:10)
  2 spiny frogs (Lair:1)
  2 komodo dragons
  A troll (D:9)
  13 blink frogs
  A hornet (D:10)
  3 bog bodies (Lair:2)
  4 hippogriffs
  4 wraiths (D:10)
  6 yaks (D:11)
  4 hogs (D:7)
  A human (D:7)
  3 swamp worms
  3 vampire mosquitoes (Swamp:1)
  Duvessa (D:6)
  3 water moccasins (Lair:1)
  2 porcupines
  4 ice beasts
  9 orc warriors
  2 black bears
  A phantom (D:10)
  6 ogres
  A necrophage (D:6)
  2 centaurs
  4 crocodiles
  A big kobold (D:5)
  16 bullfrogs
  A gnoll sergeant (D:9)
  Dowan (D:6)
  7 scorpions
  6 killer bees (D:9)
  5 wights (D:9)
  An electric eel (Lair:2)
  4 howler monkeys
  3 crimson imps
  2 bullfrog zombies
  A quasit (D:7)
  3 hounds
  A jelly (D:5)
  A gnoll shaman (D:5)
  4 orc wizards
  Crazy Yiuf (D:7)
  5 bullfrog skeletons
  5 orc priests
  A centaur skeleton (D:5)
  Jessica (D:2)
  Terence (D:2)
  3 iguanas
  6 worker ants
  A hound zombie (D:6)
  2 hound skeletons
  2 worker ant zombies
  19 gnolls
  15 adders
  3 shadow imps
  An adder zombie (D:8)
  An adder skeleton (D:7)
  4 worms
  A dart slug (D:3)
  7 leopard geckos
  28 orcs
  6 giant cockroaches
  3 goblins
  6 hobgoblins
  16 jackals
  20 kobolds
  3 quokkas
  7 ball pythons
  10 bats
  5 frilled lizards
  A jackal skeleton (D:5)
  A jackal zombie (D:6)
  A leopard gecko skeleton (D:4)
  A quokka skeleton (D:6)
  6 rats
  2 plants
340 creatures vanquished.

Vanquished Creatures (others)
  8 fungi
  2 plants (D:10)
10 creatures vanquished.

Grand Total: 350 creatures vanquished

Notes
Turn   | Place    | Note
-------+----------+-------------------------------------------
     0 | D:1      | Mithandil the Minotaur Fighter began the quest for the Orb.
     0 | D:1      | Reached XP level 1. HP: 19/19 MP: 0/0
   279 | D:1      | Reached XP level 2. HP: 27/27 MP: 1/1
   380 | D:1      | Reached skill level 4 in Shields
   718 | D:2      | Noticed Jessica
   722 | D:2      | Killed Jessica
   722 | D:2      | Reached XP level 3. HP: 30/33 MP: 2/2
   726 | D:2      | Reached skill level 1 in Dodging
   727 | D:2      | Noticed Terence
   734 | D:2      | Killed Terence
   734 | D:2      | Reached XP level 4. HP: 34/40 MP: 3/3
  1237 | D:2      | Reached skill level 1 in Short Blades
  1283 | D:2      | Reached XP level 5. HP: 46/46 MP: 4/4
  1746 | D:4      | Found a glowing drain.
  1774 | Sewer    | Entered a sewer
  1910 | Sewer    | Reached skill level 1 in Slings
  2483 | D:5      | Entered Level 5 of the Dungeon
  2674 | D:3      | Found a runed translucent gate.
  2674 | D:3      | Identified the cursed +1 dagger "Gaggem" {speed, MR++ Str+3
                  | Dex+2}
  2674 | D:3      | Identified the cursed +0 chain mail "Nuvviarch" {+Fly MR+
                  | rCorr}
  2675 | D:3      | Found a runed translucent gate.
  2676 | D:3      | Found a roughly hewn altar of Beogh.
  2676 | D:3      | Found a runed translucent gate.
  2677 | D:3      | Noticed hemabe's ghost (amateur HuAr)
  2768 | D:3      | Found a stormy altar of Qazlal.
  2768 | D:3      | Found a sparkling altar of Nemelex Xobeh.
  2782 | D:3      | Found an opulent altar of Gozag.
  2784 | D:3      | Found a faded altar of an unknown god.
  2786 | D:3      | Found a snail-covered altar of Cheibriados.
  3243 | D:4      | Found the amulet of the Air {Inacc +Fly rElec EV+5 RMsl}
  3251 | D:4      | Reached skill level 1 in Crossbows
  3251 | D:4      | Reached skill level 5 in Shields
  3251 | D:4      | Reached XP level 6. HP: 53/53 MP: 5/5
  3338 | D:4      | Found a staircase to the Ecumenical Temple.
  3349 | Temple   | Entered the Ecumenical Temple
  3443 | Temple   | Became a worshipper of the Shining One
  4464 | D:5      | Reached XP level 7. HP: 44/60 MP: 6/6
  4738 | D:5      | Found a bloodstained altar of Trog.
  4785 | D:6      | Reached skill level 5 in Armour
  4964 | D:5      | Reached skill level 5 in Fighting
  5196 | D:5      | Reached * piety under the Shining One
  5199 | D:5      | Reached skill level 6 in Shields
  5336 | D:6      | Reached skill level 1 in Polearms
  5545 | D:6      | Reached XP level 8. HP: 67/67 MP: 7/7
  5877 | D:6      | Noticed Duvessa
  5878 | D:6      | Noticed Dowan
  5895 | D:6      | Killed Duvessa
  5900 | D:6      | Killed Dowan
  5900 | D:6      | Reached skill level 7 in Shields
  6386 | D:6      | Reached skill level 5 in Crossbows
  6449 | D:6      | Reached XP level 9. HP: 8/75 MP: 8/8
  7332 | D:6      | Found an ornate altar of the Wu Jian Council.
  7633 | D:7      | Reached skill level 5 in Polearms
  7633 | D:7      | Reached skill level 8 in Shields
  7838 | D:7      | Reached skill level 5 in Dodging
  8330 | D:7      | Reached ** piety under the Shining One
  8413 | D:7      | Found a runed translucent door.
  8414 | D:7      | Noticed Crazy Yiuf
  8420 | D:7      | Killed Crazy Yiuf
  8601 | D:8      | Found a shimmering altar of Xom.
  8844 | D:8      | Reached XP level 10. HP: 79/84 MP: 9/9
  8865 | D:8      | Found a shattered altar of Ashenzari.
  8870 | D:8      | Reached skill level 9 in Shields
  9026 | D:8      | Found Lolarext's Antique Armour Shop.
  9034 | D:8      | Bought a pair of embroidered boots for 187 gold pieces
  9355 | D:10     | Entered Level 10 of the Dungeon
  9844 | D:9      | Found a runed translucent gate.
  9845 | D:9      | Found a runed translucent gate.
  9845 | D:9      | Found a runed translucent gate.
  9847 | D:9      | Noticed hemabe's ghost (novice HuAr)
  9986 | D:9      | Reached *** piety under the Shining One
 10709 | D:11     | Reached skill level 10 in Shields
 10933 | D:10     | Reached skill level 1 in Spellcasting
 10971 | D:10     | Paralysed by a hornet for 2 turns
 10974 | D:10     | Reached XP level 11. HP: 86/93 MP: 11/11
 11057 | D:11     | Noticed a red ugly thing
 11094 | D:10     | Found a staircase to the Lair.
 11301 | D:10     | Got a heavily runed ring mail
 11302 | D:10     | Identified the +5 ring mail "Iti Tiad" {MR- Dex+4} (You
                  | found it on level 10 of the Dungeon)
 11311 | D:10     | Noticed Psyche
 11325 | D:10     | Killed Psyche
 11464 | D:10     | Noticed Snorg
 11468 | D:10     | Reached **** piety under the Shining One
 11471 | D:10     | Noticed Josephine
 11501 | D:10     | Killed Snorg
 11516 | D:10     | Noticed Josephine
 11516 | D:10     | Josephine changed into Josephine the swamp worm
 11528 | D:10     | Killed Josephine the swamp worm
 12003 | Lair:1   | Entered Level 1 of the Lair of Beasts
 12219 | Lair:1   | You fall into a shaft and drop 1 floor!
 12419 | Lair:2   | Reached skill level 11 in Shields
 13262 | Lair:1   | Got a faintly glowing buckler
 13263 | Lair:1   | Identified the +2 buckler "Ushronea" {Dex+5} (You found it
                  | on level 1 of the Lair of Beasts)
 13513 | Lair:2   | Reached XP level 12. HP: 85/103 MP: 12/12
 13527 | Lair:2   | Reached skill level 10 in Polearms
 13531 | Lair:2   | Found a staircase to the Swamp.
 13554 | Swamp:1  | Entered Level 1 of the Swamp
 14166 | Swamp:1  | Noticed a ghost crab
 14189 | Swamp:1  | Killed a ghost crab
 14189 | Swamp:1  | Reached skill level 10 in Crossbows
 14360 | Swamp:1  | Reached ***** piety under the Shining One
 14389 | Swamp:1  | Noticed Frances
 14395 | Swamp:1  | Annihilated by a titanic slime creature

Levels and vault maps discovered:
D:1:      eino_arrival_druids_welcome, layout_basic
D:2:      layout_basic, serial_bayou_pond_c, minmay_fractal_squares_5,
          uniq_terence, uniq_jessica
D:3:      layout_loops_ring, chequers_temple_overflow_minitemple,
          biasface_ghost_orc_armoury
D:4:      layout_gridville, minmay_temple_entry_waves, portal_sewer_entry_f,
          minmay_tree_intersection, hangedman_abyss_or_decor_passed, minivault_5
D:5:      layout_basic, first_ration, trog_book
D:6:      layout_loops_corners, basic_altar, uniq_duvessa
D:7:      layout_loops_ring, grunt_livestock, lemuel_statue_altar,
          uniq_crazy_yiuf_cottage
D:8:      layout_loops_ring, kennysheep_mini, lemuel_coloured_pillars_altar,
          serial_shops, nicolae_shop_waterfront
D:9:      layout_loops_corners, ebering_ghost_rock_garden, minivault_19,
          minmay_door_square
D:10:     layout_loops_ring, grunt_lair_entry_orc_guard_hut,
          grunt_decor_resistance, nicolae_wand_duel, uniq_snorg, uniq_josephine,
          uniq_psyche
D:11:     layout_loops_ring, erik_orc_3, minmay_the_grid_2x2
          [minmay_the_grid_tri_star, minmay_the_grid_tiny_cups,
          minmay_the_grid_spikes, minmay_the_grid_prize_trominoes], uniq_grum
Temple:   eino_temple_scatter_basement
Lair:1:   layout_regular_city
Lair:2:   layout_roguey, nicolae_swamp_entry_splash_gauntlet,
          serial_bayou_shore_a, grunt_megastairs_5, lemuel_fruit_tree,
          uniq_sonja
Lair:3:   layout_long_grid, eino_small_chamber_without_monster
Swamp:1:  layout_falls_marsh, infiniplex_staircase_pool_2, uniq_frances,
          uniq_aizul

Skill      XL: |  1  2  3  4  5  6  7  8  9 10 11 12 |
---------------+-------------------------------------+-----
Shields        | 4 5 6 7 8 10 11 | 11.8
Axes           | 3 |  3.7
Armour         | 4 5 6 7 8 9 |  9.1
Dodging        | 1 2 3 4 5 6 7 |  7.4
Fighting       | 4 5 6 7 8 9 |  9.0
Short Blades   | 1 2 3 |  3.4
Slings         | 1 |  1.0
Crossbows      | 1 2 3 5 6 8 9 10 | 10.0
Polearms       | 1 4 6 8 9 10 | 10.3
Spellcasting   | 1 |  1.0

Action                   |  1- 3 |  4- 6 |  7- 9 | 10-12 || total
-------------------------+-------+-------+-------+-------++-------
Melee: War axe           |    57 |    84 |       |       ||   141
       Headbutt          |     7 |    29 |    79 |   145 ||   260
       Dagger            |       |   134 |    43 |       ||   177
       Spear             |       |       |   302 |   833 ||  1135
 Fire: Hunting sling     |       |    15 |       |       ||    15
       Hand crossbow     |       |    16 |    11 |    16 ||    43
Evoke: Wand              |       |       |       |     4 ||     4
  Use: Scroll            |     6 |     6 |    10 |     6 ||    28
       Potion            |     2 |     9 |     3 |     3 ||    17
  Eat: Chunk             |       |     9 |    14 |    14 ||    37
       Ration            |       |     1 |       |     1 ||     2
Armor: Scale mail        |    27 |    71 |    28 |       ||   126
       Skin              |       |     2 |       |       ||     2
       Plate armour      |       |       |   112 |   184 ||   296
Dodge: Dodged            |    14 |    73 |    88 |   242 ||   417
       Deflected         |       |       |       |     1 ||     1
Block: Shield            |    22 |   117 |   161 |   499 ||   799
       Reflection        |       |       |       |     5 ||     5

Table legend:
 A = Non-vault XP
 B = Vault XP
 C = Vault XP percentage of total XP
 D = Non-vault monster count
 E = Vault monster count
 F = Vault count percentage of total count
                 A         B        C        D         E       F
            +---------+---------+-------+---------+---------+-------
      Total |   19420 |    6550 |  25.2 |     277 |      61 |  18.0
            +---------+---------+-------+---------+---------+-------
        D:1 |      22 |       0 |   0.0 |      13 |       0 |   0.0
        D:2 |     109 |      84 |  43.5 |      27 |       8 |  22.9
        D:3 |      50 |       0 |   0.0 |      15 |       0 |   0.0
        D:4 |      68 |      13 |  16.0 |       4 |       5 |  55.6
        D:5 |     706 |       0 |   0.0 |      27 |       0 |   0.0
        D:6 |    1402 |     222 |  13.7 |      27 |       2 |   6.9
        D:7 |    1048 |    1022 |  49.4 |      28 |       6 |  17.6
        D:8 |    1314 |       0 |   0.0 |      30 |       0 |   0.0
        D:9 |    2125 |       0 |   0.0 |      39 |       0 |   0.0
       D:10 |    2214 |    3029 |  57.8 |      25 |      12 |  32.4
       D:11 |    1350 |       0 |   0.0 |       8 |       0 |   0.0
     Lair:1 |    4424 |       0 |   0.0 |      20 |       0 |   0.0
     Lair:2 |    1053 |    2129 |  66.9 |       6 |       9 |  60.0
    Swamp:1 |    3535 |       0 |   0.0 |       8 |       0 |   0.0
      Sewer |       0 |      51 | 100.0 |       0 |      19 | 100.0
            +---------+---------+-------+---------+---------+-------
